 Seeded DCSS version 0.31-a0-1-g4198be8af4 (webtiles) character file.

Game seed: 548224908236487523 (custom seed)

4 Pimp the Trooper (level 1, 0/18 HPs)
             Began as a Merfolk Fighter on May 2, 2023.
             Slain by a gnoll
             ... wielding a +0 spear
              (4 damage)
             ... on level 1 of the Dungeon.
             The game lasted 00:00:28 (241 turns).

Pimp the Trooper (Merfolk Fighter)                   Turns: 241, Time: 00:00:29

Health: 0/18       AC:  6    Str: 16    XL:     1   Next: 60%
Magic:  1/1        EV:  8    Int:  7    God:
Gold:   37         SH:  4    Dex: 13    Spells: 0/0 levels left

rFire   . . .        a - +0 trident
rCold   . . .        c - +0 buckler
rNeg    . . .        b - +0 scale mail
rPois   .            (no helmet)
rElec   .            (no cloak)
rCorr   .            (no gloves)
SInv    .            (no boots)
Will    .....        (no amulet) Stlth
                     (no ring)
HPRegen 0.23/turn    (no ring)
MPRegen 0.07/turn

%: no passive effects
@: no status effects
A: (nimble swimmer 2), mertail
a: no special abilities


You were on level 1 of the Dungeon.
You visited 1 branch of the dungeon, and saw 2 of its levels.

You collected 37 gold pieces.

Inventory:

Hand Weapons
 a - a +0 trident (weapon)
Armour
 b - a +0 scale mail (worn)
 c - a +0 buckler (worn)
Scrolls
 e - a scroll of identify {unknown}
 f - a scroll of blinking {unknown}
 h - a scroll of magic mapping {unknown}
Potions
 d - a potion of might
 g - a potion of curing {unknown}


   Skills:
 + Level 3.3 Fighting
 + Level 2.8 Polearms
 + Level 2.2 Armour
 + Level 3.0 Shields


You couldn't memorise any spells.
You didn't know any spells.
Your spell library was empty.

Dungeon Overview and Level Annotations

Branches:
Dungeon (2/15)

Altars:


Innate Abilities, Weirdness & Mutations

((You are very nimble when in or above water. (Stealth+, EV+, Speed+++)))
Your lower body shifts to a powerful aquatic tail in water.


Message History

Anything else - Cancel.
Retreat in which direction?
Press: ? - help, Dir - move target, f - you Fall back!
Unknown command.
Unknown command. 2 gnolls come into view.
The gnoll shouts! x2; You hear a shout! x2
A gnoll comes into view. It is wielding a +0 spear.
The gnoll shouts!
A rat comes into view.
You hit the gnoll but do no damage.
A gnoll comes into view. It is wielding a +0 halberd.
You block the gnoll's attack. x2
You barely miss the gnoll. The gnoll hits you but does no damage.
The gnoll barely misses you.
You hit the gnoll.
The gnoll is moderately wounded.
The gnoll hits you from afar with a +0 spear.
You hit the gnoll.
The gnoll is moderately wounded.
The gnoll hits you with a +0 spear.
The gnoll hits you from afar with a +0 spear.
You block the gnoll's attack. You block the gnoll's attack.
There is a stone staircase leading up here.
You climb upwards.
There is a stone staircase leading down here.
You start resting.
HP restored.
You climb downwards.
The gnoll hits you with a +0 spear. x2
There is a stone staircase leading up here.
The gnoll hits you with a +0 spear!
* * * LOW HITPOINT WARNING * * *
You climb upwards.
There is a stone staircase leading down here.
You puncture the gnoll!
The gnoll is severely wounded.
The gnoll hits you with a +0 spear.
You die...

#........ #........ ##########
#........ #........# #........
#........# #........
#........#######........
..........##.........#
.............#.#.#...#
#.@g..###.......#
#.#....##.#.#.#.#
...##)†..........### ## ...##
#....#######...# #...#####
##.#..## #.#.# ........##
#.##..## #...#
#########..###.###..## #....
##.......'#..##.# ##..# #.#..
##.#######.##....####..###.##.


You could see a gnoll.

Vanquished Creatures
  An endoplasm (D:1)
  A goblin (D:1)
  A hobgoblin (D:1)
3 creatures vanquished.

Notes
Turn   | Place    | Note
-------+----------+-------------------------------------------
     0 | D:1      | Pimp the Merfolk Fighter began the quest for the Orb.
     0 | D:1      | Reached XP level 1. HP: 18/18 MP: 1/1
   241 | D:1      | Slain by a gnoll

Illustrated notes

Levels and vault maps discovered:
D:1:      evilmike_arrival_rings, layout_rooms, serial_glass, glass_columns_c,
          glass_columns_a, glass_columns_a, glass_columns_a
D:2:      layout_loops_corners, shapermc_ecumenical_altar_totnotflames

Action                     || total
---------------------------++-------
  Melee: Trident           ||    16
 Armour: Scale mail        ||     8
  Dodge: Dodged            ||     4
  Block: Buckler           ||     6

Table legend: (Time is in decaauts)
 A = Elapsed time spent in this place.
 B = Non-inter-level travel time spent in this place.
 C = Inter-level travel time spent in this place.
 D = Time resting spent in this place.
 E = Time spent auto-exploring this place.
 F = Levels seen in this place.
 G = Mean time per level.
                   A        B        C        D        E       F      G
               +--------+--------+--------+--------+--------+-----+--------+
         Total |    244 |    223 |     21 |     24 |    117 |   2 |  122.0 |
       Dungeon |    244 |    223 |     21 |     24 |    117 |   2 |  122.0 |
               +--------+--------+--------+--------+--------+-----+--------+

Top non-repeatable levels by time:
     D:1: 194 daAuts
     D:2: 50 daAuts
